AoeStats
← thiagopri

Arabia

510398740Analyzed
3v3 RM · 1d ago on Sep 30, 2026· 47m 19s· 6 players
Game mode
Random Map
Map size
Normal (6 player)
Population
200
Speed
Normal
Resources
Standard
Victory
Conquest
Starting age
Dark Age
Ending age
Imperial Age
RankedLock teamsTeams togetherTeam positionsShared explorationLock speedFull tech treeHidden civsTurbo modeCheats
Victory
Defeat
🇲🇽 Vietnamese · Mexico
769
+16
🇳🇱 Khmer · Netherlands
755
+17
🇪🇨 Mongols · Ecuador
729
+18
🇧🇷 Ethiopians · Brazil
807
-19
🇨🇦 Huns · Canada
767
-17
🇧🇷 Franks · Brazil
728
-15
s1d
10:38 Feudal Age
12:33 Gold Mining
14:18 Double-Bit Axe
17:58 Arson
17:35 Man-at-Arms
29:36 Horse Collar
32:49 Castle Age
33:23 Stone Mining
33:50 Elite Skirmisher
33:51 Crossbowman
34:36 Thumb Ring
34:36 Squires
33:57 Long Swordsman
36:19 Stone Shaft Mining
35:56 Padded Archer Armor
35:47 Fletching
37:01 Gold Shaft Mining
36:40 Heavy Plow
44:05 Leather Archer Armor
Fritz_Hoff
10:58 Feudal Age
11:17 Loom
15:25 Double-Bit Axe
17:31 Forging
19:26 Wheelbarrow
21:32 Scale Mail Armor
22:12 Bloodlines
28:17 Castle Age
27:25 Horse Collar
28:50 Scale Barding Armor
29:16 Hand Cart
30:06 Iron Casting
29:47 Chain Mail Armor
29:55 Chain Barding Armor
29:30 Town Watch
29:59 Bow Saw
30:18 Husbandry
29:42 Light Cavalry
35:43 Chain Mail Armor
36:07 Murder Holes
38:46 Imperial Age
36:32 Heavy Plow
39:06 Arson
39:22 Squires
39:30 Pikeman
40:33 Cavalier
42:26 Chemistry
41:49 Elite Skirmisher
43:11 Thumb Ring
44:40 Fletching
45:31 Bodkin Arrow
46:21 Bracer
thiagopri
11:18 Feudal Age
10:03 Loom
12:13 Double-Bit Axe
17:15 Scale Barding Armor
20:51 Castle Age
21:10 Forging
21:50 Husbandry
23:34 Gold Mining
23:37 Stone Mining
25:01 Gold Shaft Mining
26:38 Chain Barding Armor
29:55 Iron Casting
38:56 Imperial Age
37:19 Wheelbarrow
39:29 Cavalier
43:12 Plate Barding Armor
43:38 Blast Furnace
43:16 Hand Cart
44:23 Paladin
GatoMiope
11:19 Feudal Age
11:57 Horse Collar
13:05 Double-Bit Axe
14:47 Gold Mining
16:09 Fletching
17:02 Padded Archer Armor
Lordkam20002
8:58 Loom
10:52 Feudal Age
12:40 Wheelbarrow
12:09 Double-Bit Axe
13:15 Town Watch
13:21 Horse Collar
13:41 Arson
18:07 Gold Mining
20:29 Stone Mining
24:30 Castle Age
25:15 Crossbowman
29:34 Thumb Ring
30:55 Bow Saw
32:31 Gold Shaft Mining
33:46 Pikeman
37:30 Squires
40:56 Padded Archer Armor
40:48 Fletching
moose45
12:50 Feudal Age
14:27 Double-Bit Axe
14:31 Horse Collar
17:39 Castle Age
15:33 Gold Mining
16:30 Stone Mining
19:53 Bow Saw
21:33 Heavy Plow
22:41 Town Watch
22:42 Loom
23:56 Wheelbarrow
26:01 Gold Shaft Mining
25:54 Husbandry
27:10 Stone Shaft Mining
31:01 Imperial Age
28:47 Hand Cart
28:57 Masonry
28:59 Forging
30:07 Bloodlines
30:06 Scale Barding Armor
30:43 Fletching
30:20 Light Cavalry
31:34 Town Patrol
33:23 Chemistry
34:32 Crop Rotation
34:36 Chain Barding Armor
34:16 Scale Mail Armor
34:48 Architecture
35:56 Conscription
36:28 Pikeman
37:53 Padded Archer Armor
38:28 Iron Casting
38:29 Plate Barding Armor
42:08 Double Crossbow
43:40 Elite Ballista Elephant
45:06 Siege Engineers
46:04 Blast Furnace
Connection lost

Rejoining the realm…

Still unreachable

The connection could not be restored.

Session expired

The server has moved on; the page needs a fresh start.